| TOP OF THE 1ST |
|
Stockton Mariners batting - Pitching for Bakersfield Bears : RHP Luis Cuevas
|
|
Pitching: RHP Luis Cuevas
|
|
|
Batting: LHB Harold Perkins
|
0-0: Ball 1-0: Ball 2-0: Called Strike 2-1: Ball 3-1: Foul Ball, location: 2F 3-2: Base on Balls
|
|
Batting: LHB Ricky Nelson
|
0-0: Grounds into double play, 4-6-3 (Groundball, 4, EV 89.4 MPH)
|
|
Batting: LHB Marvin Ward
|
0-0: Ball 1-0: SINGLE (Flyball, 5D, EV 85.0 MPH)
|
|
Batting: LHB David Cawthon
|
0-0: Called Strike 0-1: 2-RUN HOME RUN (Flyball, 89XD, EV 101.3 MPH), Distance : 390 ft
|
|
Batting: LHB Joe Perna
|
0-0: Called Strike 0-1: Ball 1-1: Foul Ball, location: 2F 1-2: Foul Ball, location: 2F 1-2: Ball 2-2: Ground out 4-3 (Groundball, 34D, EV 104.4 MPH)
|
| Top of the 1st over - 2 runs, 2 hits, 0 errors, 0 left on base; Stockton 2 - Bakersfield 0 |
| BOTTOM OF THE 1ST |
|
Bakersfield Bears batting - Pitching for Stockton Mariners : LHP Randy Ford
|
|
Pitching: LHP Randy Ford
|
|
|
Batting: LHB Kevin Waller
|
0-0: Ball 1-0: Called Strike 1-1: Ball 2-1: Ball 3-1: Ground out 4-3 (Groundball, 4, EV 88.1 MPH)
|
|
Batting: LHB Jim Eppard
|
0-0: Ball 1-0: Ball 2-0: Foul Ball, location: 2F 2-1: Ball 3-1: Foul Ball, location: 2F 3-2: SINGLE (Groundball, 4D, EV 97.5 MPH)
|
|
Batting: RHB Steve Buechele
|
0-0: Called Strike 0-1: Ball 1-1: Ball 2-1: Swinging Strike 2-2: Grounds into double play, 5-4-3 (Groundball, 5L, EV 101.3 MPH)
|
| Bottom of the 1st over - 0 runs, 1 hit, 0 errors, 0 left on base; Stockton 2 - Bakersfield 0 |
| TOP OF THE 2ND |
|
Stockton Mariners batting - Pitching for Bakersfield Bears : RHP Luis Cuevas
|
|
Batting: SHB Eddie Tanner
|
0-0: Called Strike 0-1: Ball 1-1: Swinging Strike 1-2: Fly out, F7 (Flyball, 78D, EV 80.6 MPH)
|
|
Batting: RHB Orlando Mercado
|
0-0: Ball 1-0: SINGLE (Groundball, 34D, EV 106.9 MPH)
|
|
Batting: LHB Victor Gavidia
|
0-0: Ball 1-0: Ball 2-0: Foul Ball, location: 2F 2-1: Fly out, F4 (Flyball, 34D, EV 89.4 MPH)
|
|
Batting: RHB Brian Greer
|
0-0: Ball 1-0: Called Strike 1-1: Called Strike 1-2: Fielders Choice at 2nd, 6-4 (Groundball, 6, EV 85.0 MPH)
|
| Top of the 2nd over - 0 runs, 1 hit, 0 errors, 1 left on base; Stockton 2 - Bakersfield 0 |
| BOTTOM OF THE 2ND |
|
Bakersfield Bears batting - Pitching for Stockton Mariners : LHP Randy Ford
|
|
Batting: LHB Benny Distefano
|
0-0: Fly out, F8 (Flyball, 89XD, EV 98.1 MPH)
|
|
Batting: RHB James Oros
|
0-0: Called Strike 0-1: Ball 1-1: Ground out U3 (Groundball, 34, EV 105.6 MPH)
|
|
Batting: RHB Preston Williams
|
0-0: Ball 1-0: Called Strike 1-1: Swinging Strike 1-2: Ball 2-2: Ground out 6-3 (Groundball, 4M, EV 108.8 MPH)
|
| Bottom of the 2nd over - 0 runs, 0 hits, 0 errors, 0 left on base; Stockton 2 - Bakersfield 0 |
| TOP OF THE 3RD |
|
Stockton Mariners batting - Pitching for Bakersfield Bears : RHP Luis Cuevas
|
|
Batting: LHB Harold Perkins
|
0-0: SINGLE (Flyball, 8RS, EV 84.4 MPH)
|
|
Batting: LHB Ricky Nelson
|
0-0: Ball 1-0: Called Strike 1-1: SINGLE (Groundball, 4MD, EV 104.4 MPH) Harold Perkins to second Runner from 2nd tries for 3rd, SAFE, throw by CF made to third
|
|
Batting: LHB Marvin Ward
|
0-0: Swinging Strike 0-1: Ball 1-1: Ball 2-1: Swinging Strike 2-2: Ball 3-2: Foul Ball, location: 2F 3-2: Strikes out swinging Ricky Nelson is caught stealing 2nd base 2-6 Batter strikes out.
|
|
Batting: LHB David Cawthon
|
0-0: Ball 1-0: Foul Ball, location: 2F 1-1: Ball 2-1: Ball 3-1: Called Strike 3-2: Foul Ball, location: 2F 3-2: Ground out 4-3 (Groundball, 4S, EV 73.1 MPH)
|
| Top of the 3rd over - 0 runs, 2 hits, 0 errors, 1 left on base; Stockton 2 - Bakersfield 0 |
| BOTTOM OF THE 3RD |
|
Bakersfield Bears batting - Pitching for Stockton Mariners : LHP Randy Ford
|
|
Batting: RHB Jeff Rudolph
|
0-0: Called Strike 0-1: Fly out, F9 (Flyball, 89D, EV 96.3 MPH)
|
|
Batting: RHB Steven Houlberg
|
0-0: Called Strike 0-1: Foul Ball, location: 2F 0-2: Ground out 6-3 (Groundball, 6, EV 81.3 MPH)
|
|
Batting: RHB Antonio Alicea
|
0-0: Ball 1-0: Fly out, F4 (Popup, 4, EV 61.9 MPH)
|
| Bottom of the 3rd over - 0 runs, 0 hits, 0 errors, 0 left on base; Stockton 2 - Bakersfield 0 |
| TOP OF THE 4TH |
|
Stockton Mariners batting - Pitching for Bakersfield Bears : RHP Luis Cuevas
|
|
Batting: LHB Joe Perna
|
0-0: Foul Ball, location: 2F 0-1: SINGLE (Groundball, 4MD, EV 96.3 MPH)
|
|
Batting: SHB Eddie Tanner
|
0-0: Fly out, F4 (Line Drive, 4, EV 68.1 MPH)
|
|
Batting: RHB Orlando Mercado
|
0-0: Called Strike 0-1: Ball 1-1: Fly out, F6 (Popup, 4MS, EV 78.8 MPH)
|
|
Batting: LHB Victor Gavidia
|
0-0: Ball 1-0: Ball 2-0: Swinging Strike 2-1: Ball 3-1: Fielders Choice at 2nd, 6-4 (Groundball, 6, EV 89.4 MPH)
|
| Top of the 4th over - 0 runs, 1 hit, 0 errors, 1 left on base; Stockton 2 - Bakersfield 0 |
| BOTTOM OF THE 4TH |
|
Bakersfield Bears batting - Pitching for Stockton Mariners : LHP Randy Ford
|
|
Batting: LHB Kevin Waller
|
0-0: Foul Ball, location: 2F 0-1: Ball 1-1: Foul Ball, location: 2F 1-2: Fly out, F9 (Flyball, 9LM, EV 98.1 MPH)
|
|
Batting: LHB Jim Eppard
|
0-0: Called Strike 0-1: Ball 1-1: Ball 2-1: SINGLE (Groundball, 34D, EV 103.8 MPH)
|
|
Batting: RHB Steve Buechele
|
0-0: Ball 1-0: Called Strike 1-1: Ball 2-1: Ball 3-1: Foul Ball, location: 2F 3-2: Fly out, F8 (Flyball, 8LS, EV 78.1 MPH)
|
|
Batting: LHB Benny Distefano
|
0-0: Ball 1-0: Ball 2-0: Ball 3-0: Called Strike 3-1: Base on Balls Jim Eppard to second
|
|
Batting: RHB James Oros
|
0-0: Foul Ball, location: 2F 0-1: Ball 1-1: SINGLE (Flyball, 9LS, EV 85.6 MPH) Jim Eppard to third Benny Distefano to second Runner from 3rd tries for Home, SAFE, throw by RF to home
|
|
Batting: RHB Preston Williams
|
0-0: Ball 1-0: Ball 2-0: Called Strike 2-1: Foul Ball, location: 2F 2-2: Ball 3-2: Base on Balls Benny Distefano to third James Oros to second
|
|
Batting: RHB Jeff Rudolph
|
0-0: Called Strike 0-1: Ball 1-1: Ball 2-1: Fly out, F8 (Flyball, 8LM, EV 96.9 MPH)
|
| Bottom of the 4th over - 1 run, 2 hits, 0 errors, 3 left on base; Stockton 2 - Bakersfield 1 |
| TOP OF THE 5TH |
|
Stockton Mariners batting - Pitching for Bakersfield Bears : RHP Luis Cuevas
|
|
Batting: RHB Brian Greer
|
0-0: Foul Ball, location: 2F 0-1: Foul Ball, location: 2F 0-2: Ball 1-2: Ball 2-2: Strikes out swinging
|
|
Batting: LHB Harold Perkins
|
0-0: Ball 1-0: Ground out 4-3 (Groundball, 4, EV 81.3 MPH)
|
|
Batting: LHB Ricky Nelson
|
0-0: Called Strike 0-1: Ball 1-1: Foul Ball, location: 2F 1-2: Strikes out looking
|
| Top of the 5th over - 0 runs, 0 hits, 0 errors, 0 left on base; Stockton 2 - Bakersfield 1 |
| BOTTOM OF THE 5TH |
|
Bakersfield Bears batting - Pitching for Stockton Mariners : LHP Randy Ford
|
|
Batting: RHB Steven Houlberg
|
0-0: Ball 1-0: Ball 2-0: Foul Ball, location: 2F 2-1: Swinging Strike 2-2: SINGLE (Groundball, 6MD, EV 100.6 MPH)
|
|
Batting: RHB Antonio Alicea
|
0-0: Ball Steven Houlberg steals 2nd base 1-0: Bunt missed! 1-1: Ball 2-1: Sac Bunt to 2L - play at first, batter OUT! 2-4 Steven Houlberg to third
|
|
Batting: LHB Kevin Waller
|
0-0: Called Strike 0-1: Foul Ball, location: 2F 0-2: Foul Ball, location: 2F 0-2: Reached on error, E3 (Groundball, 34, EV 80.6 MPH) Steven Houlberg scores
|
|
Batting: LHB Jim Eppard
|
0-0: Ball Wild Pitch! Kevin Waller to third 1-0: Foul Ball, location: 2F 1-1: Swinging Strike 1-2: Foul Ball, location: 2F 1-2: Strikes out looking
|
|
Batting: RHB Steve Buechele
|
0-0: Called Strike 0-1: Ball 1-1: SINGLE (Groundball, 34D, EV 95.0 MPH) Kevin Waller scores
|
|
Batting: LHB Benny Distefano
|
0-0: Ball 1-0: Fly out, F9 (Flyball, 89S, EV 89.4 MPH)
|
| Bottom of the 5th over - 2 runs, 2 hits, 1 error, 1 left on base; Stockton 2 - Bakersfield 3 |
| TOP OF THE 6TH |
|
Stockton Mariners batting - Pitching for Bakersfield Bears : RHP Luis Cuevas
|
|
Batting: LHB Marvin Ward
|
0-0: Called Strike 0-1: Ball 1-1: Ball 2-1: Swinging Strike 2-2: Ball 3-2: Base on Balls
|
|
Batting: LHB David Cawthon
|
0-0: Swinging Strike 0-1: SINGLE (Groundball, 4D, EV 105.0 MPH) Marvin Ward to second Runner from 2nd tries for 3rd, SAFE, throw by RF made to third
|
|
Batting: LHB Joe Perna
|
0-0: Ball 1-0: Swinging Strike 1-1: Ball 2-1: SINGLE (Groundball, 4MD, EV 103.1 MPH) Marvin Ward scores David Cawthon to second Runner from 2nd tries for 3rd, SAFE, no throw by CF
|
|
Batting: SHB Eddie Tanner
|
0-0: Called Strike 0-1: Ball 1-1: Fly out, F7 (Line Drive, 7D, EV 97.5 MPH) Runner from 3rd tags up, SCORES, throw by LF
|
|
Batting: RHB Orlando Mercado
|
0-0: Called Strike 0-1: Foul Ball, location: 2F 0-2: Strikes out looking
|
|
Batting: LHB Victor Gavidia
|
0-0: Foul Ball, location: 2F 0-1: Ball 1-1: Ball 2-1: Fly out, F9 (Flyball, 89S, EV 90.6 MPH)
|
| Top of the 6th over - 2 runs, 2 hits, 0 errors, 1 left on base; Stockton 4 - Bakersfield 3 |
| BOTTOM OF THE 6TH |
|
Bakersfield Bears batting - Pitching for Stockton Mariners : LHP Randy Ford
|
|
Batting: RHB James Oros
|
0-0: Ball 1-0: Called Strike 1-1: Fly out, F4 (Popup, 34S, EV 86.3 MPH)
|
|
Batting: RHB Preston Williams
|
0-0: Foul Ball, location: 2F 0-1: Ball 1-1: Called Strike 1-2: Ball 2-2: Strikes out swinging
|
|
Batting: RHB Jeff Rudolph
|
0-0: Ball 1-0: Swinging Strike 1-1: Ball 2-1: Foul Ball, location: 2F 2-2: Ball 3-2: Base on Balls
|
|
Batting: RHB Steven Houlberg
|
0-0: Ball 1-0: Fly out, F3 (Line Drive, 3, EV 64.4 MPH)
|
| Bottom of the 6th over - 0 runs, 0 hits, 0 errors, 1 left on base; Stockton 4 - Bakersfield 3 |
| TOP OF THE 7TH |
|
Stockton Mariners batting - Pitching for Bakersfield Bears : RHP Luis Cuevas
|
|
Batting: RHB Brian Greer
|
0-0: Ball 1-0: Ground out 3-1 (Groundball, 34, EV 84.4 MPH)
|
|
Batting: LHB Harold Perkins
|
0-0: Swinging Strike 0-1: Swinging Strike 0-2: Ball 1-2: SINGLE (Line Drive, 7S, EV 93.1 MPH)
|
|
Batting: LHB Ricky Nelson
|
0-0: Ball 1-0: Ball 2-0: Swinging Strike 2-1: Foul Ball, location: 2F 2-2: SINGLE (Groundball, 25, EV 71.3 MPH) (infield hit) Harold Perkins to second
|
|
Batting: LHB Marvin Ward
|
0-0: Ball 1-0: Ball 2-0: Called Strike 2-1: Foul Ball, location: 2F 2-2: Strikes out swinging
|
|
Batting: LHB David Cawthon
|
0-0: Fly out, F7 (Flyball, 7S, EV 88.1 MPH)
|
| Top of the 7th over - 0 runs, 2 hits, 0 errors, 2 left on base; Stockton 4 - Bakersfield 3 |
| BOTTOM OF THE 7TH |
|
Bakersfield Bears batting - Pitching for Stockton Mariners : LHP Randy Ford
|
|
Batting: RHB Antonio Alicea
|
0-0: Called Strike 0-1: Ball 1-1: Ball 2-1: Ball 3-1: Called Strike 3-2: Base on Balls
|
|
Batting: LHB Kevin Waller
|
0-0: Ball 1-0: Swinging Strike 1-1: Fly out, F9 (Flyball, 9S, EV 88.8 MPH)
|
|
Batting: LHB Jim Eppard
|
0-0: Called Strike 0-1: Swinging Strike 0-2: Foul Ball, location: 2F 0-2: Ball 1-2: Ball 2-2: Ball 3-2: Grounds into double play, 4-6-3 (Groundball, 4, EV 90.6 MPH)
|
| Bottom of the 7th over - 0 runs, 0 hits, 0 errors, 0 left on base; Stockton 4 - Bakersfield 3 |
| TOP OF THE 8TH |
|
Stockton Mariners batting - Pitching for Bakersfield Bears : RHP Luis Cuevas
|
|
Batting: LHB Joe Perna
|
0-0: Called Strike 0-1: Ball 1-1: Foul Ball, location: 2F 1-2: Ball 2-2: Ball 3-2: Fly out, F8 (Line Drive, 8LM, EV 103.1 MPH)
|
|
Batting: SHB Eddie Tanner
|
0-0: Ground out 4-3 (Groundball, 34, EV 101.3 MPH)
|
|
Batting: RHB Orlando Mercado
|
0-0: Ball 1-0: Called Strike 1-1: Ball 2-1: Ball 3-1: Reached on error, E5 (Groundball, 56S, EV 87.5 MPH)
|
|
Batting: LHB Victor Gavidia
|
0-0: Called Strike 0-1: Fly out, F8 (Flyball, 89M, EV 85.0 MPH)
|
| Top of the 8th over - 0 runs, 0 hits, 1 error, 1 left on base; Stockton 4 - Bakersfield 3 |
| BOTTOM OF THE 8TH |
|
Bakersfield Bears batting - Pitching for Stockton Mariners : LHP Randy Ford
|
|
Batting: RHB Steve Buechele
|
0-0: Ball 1-0: Fly out, F9 (Flyball, 89D, EV 91.3 MPH)
|
|
Batting: LHB Benny Distefano
|
0-0: Ball 1-0: SOLO HOME RUN (Flyball, 89XD, EV 101.3 MPH), Distance : 418 ft
|
|
Batting: RHB James Oros
|
0-0: SINGLE (Flyball, 8RS, EV 98.1 MPH)
|
|
Batting: RHB Preston Williams
|
0-0: Ball 1-0: Fielders Choice at 2nd, 4-6 (Groundball, 4S, EV 86.3 MPH)
|
|
Batting: RHB Jeff Rudolph
|
0-0: Ball 1-0: Foul Ball, location: 2F 1-1: Ball 2-1: Fielders Choice at 2nd, 5-4 (Groundball, 56, EV 101.3 MPH)
|
| Bottom of the 8th over - 1 run, 2 hits, 0 errors, 1 left on base; Stockton 4 - Bakersfield 4 |
| TOP OF THE 9TH |
|
Stockton Mariners batting - Pitching for Bakersfield Bears : RHP Luis Cuevas
|
|
Pitching: RHP Marc Campbell
|
|
|
Pinch Hitting: LHB Duane Evans
|
0-0: Ground out 6-3 (Groundball, 6, EV 85.6 MPH)
|
|
Batting: LHB Harold Perkins
|
0-0: Called Strike 0-1: Called Strike 0-2: DOUBLE (Flyball, 8LD, EV 98.8 MPH)
|
|
Batting: LHB Ricky Nelson
|
0-0: Ball 1-0: SINGLE (Groundball, 56S, EV 68.1 MPH) (infield hit) Harold Perkins to third
|
|
Batting: LHB Marvin Ward
|
0-0: Ball 1-0: Swinging Strike 1-1: Called Strike 1-2: Strikes out swinging
|
|
Batting: LHB David Cawthon
|
0-0: Ball 1-0: TRIPLE (Line Drive, 9D, EV 104.4 MPH) Harold Perkins scores Ricky Nelson scores
|
|
Batting: LHB Joe Perna
|
0-0: Ball 1-0: Ball 2-0: Foul Ball, location: 2F 2-1: Swinging Strike 2-2: Ball 3-2: Foul Ball, location: 2F 3-2: Foul Ball, location: 2F 3-2: Base on Balls
|
|
Batting: SHB Eddie Tanner
|
0-0: Fly out, F7 (Line Drive, 7, EV 91.3 MPH)
|
| Top of the 9th over - 2 runs, 3 hits, 0 errors, 2 left on base; Stockton 6 - Bakersfield 4 |
| BOTTOM OF THE 9TH |
|
Bakersfield Bears batting - Pitching for Stockton Mariners : LHP Randy Ford
|
|
Pitching: LHP Robert Alsup
|
|
|
Now at 1B: Duane Evans
|
|
|
Now at 2B: Paul Plinski
|
|
|
Now in LF: Robert Silverman
|
|
|
Batting: RHB Steven Houlberg
|
0-0: Fly out, F7 (Flyball, 7LM, EV 91.3 MPH)
|
|
Batting: RHB Antonio Alicea
|
0-0: Ground out 4-3 (Groundball, 4MD, EV 82.5 MPH)
|
|
Batting: LHB Kevin Waller
|
0-0: Foul Ball, location: 2F 0-1: Ball 1-1: Ball 2-1: Ball 3-1: Base on Balls
|
|
Batting: LHB Jim Eppard
|
0-0: Called Strike 0-1: Ball 1-1: Ball 2-1: Foul Ball, location: 2F 2-2: Ball 3-2: Base on Balls Kevin Waller to second
|
|
Batting: RHB Steve Buechele
|
0-0: Called Strike 0-1: Ball 1-1: Foul Ball, location: 2F 1-2: DOUBLE (Flyball, 8LD, EV 86.3 MPH) Kevin Waller scores Jim Eppard to third Runner from 3rd tries for Home, SAFE, throw by CF to home
|
|
Batting: LHB Benny Distefano
|
0-0: Called Strike 0-1: Called Strike 0-2: Ball 1-2: Ball 2-2: Ball 3-2: Ground out 4-3 (Groundball, 4, EV 102.5 MPH)
|
| Bottom of the 9th over - 2 runs, 1 hit, 0 errors, 1 left on base; Stockton 6 - Bakersfield 6 |
| TOP OF THE 10TH |
|
Stockton Mariners batting - Pitching for Bakersfield Bears : RHP Marc Campbell
|
|
Pitching: RHP Gary Ezell
|
|
|
Batting: RHB Orlando Mercado
|
0-0: Ball 1-0: Ball 2-0: Called Strike 2-1: Swinging Strike 2-2: DOUBLE (Flyball, 8LXD, EV 108.1 MPH)
|
|
Batting: LHB Victor Gavidia
|
0-0: Sac Bunt to 13S - play at first, batter OUT! 1-3 Orlando Mercado to third
|
|
Batting: LHB Duane Evans
|
0-0: Intentional Walk
|
|
Batting: RHB Robert Silverman
|
0-0: Called Strike 0-1: Ball 1-1: Foul Ball, location: 2F 1-2: Ground out U3 (Groundball, 34S, EV 89.4 MPH) Duane Evans to second
|
|
Batting: LHB Ricky Nelson
|
0-0: Intentional Walk
|
|
Pinch Hitting: LHB David Lanning
|
0-0: Called Strike 0-1: Ball 1-1: Ball Wild Pitch! Orlando Mercado scores Duane Evans to third Ricky Nelson to second 2-1: Ball 3-1: Base on Balls
|
|
Batting: LHB David Cawthon
|
0-0: Called Strike 0-1: Called Strike 0-2: Strikes out swinging
|
| Top of the 10th over - 1 run, 1 hit, 0 errors, 3 left on base; Stockton 7 - Bakersfield 6 |
| BOTTOM OF THE 10TH |
|
Bakersfield Bears batting - Pitching for Stockton Mariners : LHP Robert Alsup
|
|
Pitching: RHP Francisco Berenguer
|
|
|
Now at 2B: William Butler
|
|
|
Batting: RHB James Oros
|
0-0: Swinging Strike 0-1: Ball 1-1: Ball 2-1: Ball 3-1: Swinging Strike 3-2: Base on Balls
|
|
Batting: RHB Preston Williams
|
0-0: Ball 1-0: Foul Ball, location: 2F 1-1: Ball 2-1: Ball 3-1: Base on Balls James Oros to second
|
|
Pinch Runner at 2nd Jack Lopez:
|
|
|
Batting: RHB Jeff Rudolph
|
0-0: Bunt missed! 0-1: Bunted foul 0-2: Ball 1-2: Ball 2-2: Foul Ball, location: 2F 2-2: Ball 3-2: Base on Balls Jack Lopez to third Preston Williams to second
|
|
Batting: RHB Steven Houlberg
|
0-0: Called Strike 0-1: Ball 1-1: Ball 2-1: Foul Ball, location: 2F 2-2: Foul Ball, location: 2F 2-2: Grounds into fielders choice 4-2 (Groundball, 4MS, EV 90.0 MPH) Preston Williams to third Jeff Rudolph to second
|
|
Pinch Hitting: LHB Sal Rende
|
0-0: SINGLE (Groundball, 3L, EV 100.0 MPH) Preston Williams scores Jeff Rudolph to third Steven Houlberg to second Runner from 3rd tries for Home, SAFE, throw by RF to home
|
| Bottom of the 10th over - 2 runs, 1 hit, 0 errors, 0 left on base; Stockton 7 - Bakersfield 8 |
|